 Dungeon Crawl Stone Soup version 0.28.0-47-ge53b351184 (webtiles) character file.

Game seed: 1993067094344375710

53 Acheron the Ducker (level 3, 0/27 HPs)
             Began as a Demonspawn Gladiator on May 5, 2022.
             Slain by a gnoll
             ... wielding a +0 whip
              (3 damage)
             ... on level 2 of the Dungeon.
             The game lasted 00:06:46 (2488 turns).

Acheron the Ducker (Demonspawn Gladiator)           Turns: 2488, Time: 00:06:47

Health: 0/27       AC:  7    Str: 14    XL:     3   Next: 64%
Magic:  3/3        EV: 12    Int:  9    God:
Gold:   101        SH:  0    Dex: 16    Spells: 2/2 levels left

rFire   . . .      SeeInvis .   a - +0 war axe
rCold   . . .      Faith    .   (no shield)
rNeg    . . .      Spirit   .   f - +1 leather armour {Will+}
rPois   .          Reflect  .   c - +0 helmet
rElec   .          Harm     .   (no cloak)
rCorr   .          Rampage  .   j - +0 pair of gloves
Will    +....                   (no boots)
Stlth   ++........              k - amulet of magic regeneration
HPRegen 0.09/turn               (no ring)
MPRegen 0.48/turn               (no ring)

@: no status effects
A: rugged brown scales 1, hooves 1, wild magic 1
a: no special abilities


You were on level 2 of the Dungeon.
You visited 1 branch of the dungeon, and saw 3 of its levels.

You collected 101 gold pieces.

Inventory:

Hand Weapons
 a - a +0 war axe (weapon)
Missiles
 d - a throwing net (quivered)
Armour
 c - a +0 helmet (worn)
 f - a +1 leather armour of willpower (worn)
 j - a +0 pair of gloves (worn)
Jewellery
 k - an amulet of magic regeneration (around neck)


   Skills:
 * Level 2.2 Fighting
 + Level 3.0 Axes
 * Level 2.2 Throwing
 + Level 0.5 Armour
 * Level 3.2 Dodging
 * Level 0.9 Stealth


You had 2 spell levels left.
You didn't know any spells.
Your spell library was empty.

Dungeon Overview and Level Annotations

Branches:
Dungeon (3/15)

Altars:
Wu Jian

Annotations:
D:2 exclusion: downstairs


Innate Abilities, Weirdness & Mutations

You are partially covered in rugged brown scales. (AC +1, +3% HP)
You have large cloven feet.
Your spells are a little harder to cast, but a little more powerful.


Message History

The orc shouts!
The gnoll barely misses you. The gnoll barely misses you.
The gnoll closely misses you.
There is a stone staircase leading up here.
The gnoll hits you with a +0 spear. The gnoll hits you with a +0 whip.
You climb upwards.
Level annotation: exclusion: downstairs
There is a stone staircase leading down here.
Throw: 2 throwing nets
Press: ? - help, Q - select action Shift-Dir - straight line, f - gnoll
Aim: a gnoll, wielding a +0 spear (65% to hit)
You throw a throwing net.
The throwing net barely misses the gnoll.
The gnoll closely misses you. The gnoll barely misses you.
You barely miss the gnoll. You hit the gnoll but do no damage.
The gnoll hits you with a +0 spear. The gnoll barely misses you.
The gnoll hits you but does no damage.
You hit the gnoll.
The gnoll is lightly wounded.
You hit the gnoll. The gnoll hits you but does no damage.
The gnoll hits you with a +0 spear.
You completely miss the gnoll.
The gnoll is lightly wounded.
You completely miss the gnoll. The gnoll barely misses you.
The gnoll hits you with a +0 spear.
* * * LOW HITPOINT WARNING * * *
The gnoll barely misses you.
It was a potion of mutation.
You feel extremely strange.
You feel less in control of your magic.
Your feet thicken and deform.
The gnoll hits you but does no damage. The gnoll hits you with a +0 whip.
* * * LOW HITPOINT WARNING * * *
You hit the gnoll but do no damage. You kick the gnoll, but do no damage.
The gnoll is lightly wounded.
You closely miss the gnoll. The gnoll hits you but does no damage.
The gnoll closely misses you. The gnoll barely misses you.
Unknown command.
You closely miss the gnoll. You kick the gnoll.
The gnoll is lightly wounded.
You closely miss the gnoll. The gnoll hits you with a +0 whip.
You die...

#># #.#######.##.......######.
#.# #.# #.##.......## #. #.# #.#
#.##........# #.
#.###.#######.##........# #.
#.#................._...# ##.
#.#.#.####....##........# ##..
#.#.#.# #.#####........# #...
#.#.#.####.#####..#.#...# ##..
#...........g@g..(#.##..####..
###.#..........>.##[##..#.....
#.####.#............^.......
###.####.#....................
####.....##.##.#######.##........
.........##.##.# #.##PPP≈....
##....#........# #.##.≈≈≈P..#
#.#.###.##.#### #.#.PPP≈P≈.#
#.#..#..##.##########.....P≈P≈.#


You could see 2 gnolls.

Vanquished Creatures
  A worm (D:2)
  2 dart slugs
  2 orcs (D:2)
  5 endoplasms
  4 goblins (D:2)
  3 hobgoblins
  4 jackals
  3 quokkas (D:2)
  8 ball pythons
  2 bats
  A frilled lizard (D:2)
  3 kobolds
  4 rats
42 creatures vanquished.

Vanquished Creatures (others)
  A goblin (D:1)
  15 plants (D:2)
16 creatures vanquished.

Grand Total: 58 creatures vanquished

Notes
Turn   | Place    | Note
-------+----------+-------------------------------------------
     0 | D:1      | Acheron the Demonspawn Gladiator began the quest for the
                  | Orb.
     0 | D:1      | Reached XP level 1. HP: 16/16 MP: 1/1
   141 | D:1      | Found a faded altar of an unknown god.
   468 | D:1      | Gained mutation: You are partially covered in rugged brown
                  | scales. (AC +1, +3% HP) [demonic ancestry]
   468 | D:1      | Reached XP level 2. HP: 16/22 MP: 2/2
   614 | D:2      | Found an ornate altar of the Wu Jian Council.
  1112 | D:1      | Reached XP level 3. HP: 25/27 MP: 3/3
  2486 | D:2      | Gained mutation: Your spells are a little harder to cast,
                  | but a little more powerful. [potion of mutation]
  2486 | D:2      | Gained mutation: You have large cloven feet. [potion of
                  | mutation]
  2488 | D:2      | Slain by a gnoll

Illustrated notes

Levels and vault maps discovered:
D:1:      dpeg_arrival_tiny_b, layout_loops_ring, basic_ecumenical_altar,
          chequers_mini_garden, minmay_misc_feat_tower, serial_park_tiny_pond,
          minivault_25
D:2:      layout_loops_ring, basic_altar, serial_bayou_lagoon_a
D:3:      layout_rooms, uniq_robin

Skill      XL: |  1  2  3 |
---------------+----------+-----
Throwing       | 2 |  2.2
Dodging        | 3 |  3.2
Axes           | 3 |  3.0
Fighting       | |  2.2
Armour         | |  0.5
Stealth        | |  0.9

Action                   || total
-------------------------++-------
Melee: War axe           ||   110
       Kick              ||     2
       Punch             ||     1
Throw: Throwing net      ||     3
  Use: Scroll            ||     3
       Potion            ||     1
 Stab: Sleeping          ||     3
Armor: Leather armour    ||    43
Dodge: Dodged            ||    76
